 Dungeon Crawl Stone Soup version 0.20-a0-351-gc9b4002 (webtiles) character file.

135 Duffy the Chopper (level 5, 0/35 HPs)
             Began as a Halfling Fighter on Dec 25, 2016.
             Slain by a quokka (1 damage)
             ... on level 3 of the Dungeon.
             The game lasted 00:01:18 (1180 turns).

Duffy the Chopper (Halfling Fighter)                Turns: 1180, Time: 00:01:19

Health: 0/35       AC:  6    Str: 18    XL:     5   Next: 41%
Magic:  5/5        EV:  9    Int:  6    God:
Gold:   57         SH:  9    Dex: 14    Spells: 4/4 levels left

rFire  . . .     SeeInvis .     a - +0 war axe
rCold  . . .     Gourm    .     b - +0 scale mail
rNeg   . . .     Faith    .     c - +0 shield
rPois  .         Spirit   .     (no helmet)
rElec  .         Reflect  .     (no cloak)
rCorr  .         Harm     .     (no gloves)
MR     .....                    (no boots)
Stlth  ..........               (no amulet)
                                (no ring)
                                (no ring)

@: slowed, very slow
A: mutation resistance 1
a: no special abilities


You were on level 3 of the Dungeon.
You were not hungry.

You visited 1 branch of the dungeon, and saw 4 of its levels.

You collected 57 gold pieces.

Inventory:

Hand Weapons
 a - a +0 war axe (weapon)
Armour
 b - a +0 scale mail (worn)
 c - a +0 shield (worn)
Scrolls
 e - a scroll of immolation {unknown}
 i - a scroll of teleportation {unknown}
Potions
 d - 2 potions of might
 h - a potion of magic {unknown}
Comestibles
 f - a bread ration


   Skills:
 - Level 2.6 Fighting
 + Level 5.2 Axes
 - Level 3.2 Armour
 - Level 3.2 Shields


You had 4 spell levels left.
You didn't know any spells.

Dungeon Overview and Level Annotations

Branches:
Dungeon (4/15)
 Temple: D:4-7

Altars:


Innate Abilities, Weirdness & Mutations

You are small and have problems with some larger weapons.
You are somewhat resistant to further mutation.


Message History

The crimson imp hits you.
You miss the crimson imp.
The crimson imp disappears in a puff of smoke!
The kobold throws a stone.
The stone closely misses you.
Natasha zaps a wand.
The puff of flame hits you!
The kobold throws a stone.
You block the stone.
Natasha zaps a wand.
The puff of flame hits you!
You closely miss Natasha.
Natasha is moderately wounded.
The shadow imp grins evilly.
You block Natasha's attack. Natasha claws you.
You slash Natasha!
You kill Natasha!
Natasha screams in pain as she dies!
The shadow imp disappears in a puff of smoke!
Your Axes skill increases to level 5!
The quokka bites you.
The quokka bites you but does no damage.
You closely miss the quokka. You block the quokka's attack.
The quokka bites you.
You die...

....... .....
..... ... ...
#######0#
#.....gK# #r#
##@## ##...##
#...(.# #
##!..########
#.###.#........
#.#.......#######
#.......###
#######.# #.#


You could see a quokka, a goblin and a kobold.

Vanquished Creatures
  Natasha (twice) (D:3)
  5 adders
  A worm (D:2)
  A leopard gecko (D:3)
  An orc (D:3)
  3 bats
  3 giant cockroaches
  4 goblins (D:2)
  4 hobgoblins
  5 frilled lizards
  4 kobolds
  6 rats
39 creatures vanquished.

Notes
Turn   | Place    | Note
-------+----------+-------------------------------------------
     0 | D:1      | Duffy the Halfling Fighter began the quest for the Orb.
     0 | D:1      | Reached XP level 1. HP: 15/15 MP: 1/1
    61 | D:2      | Reached skill level 3 in Axes
    61 | D:2      | Reached XP level 2. HP: 20/20 MP: 2/2
    78 | D:2      | Reached XP level 3. HP: 22/25 MP: 3/3
   376 | D:2      | Reached skill level 4 in Axes
   376 | D:2      | Reached XP level 4. HP: 30/30 MP: 4/4
   864 | D:3      | Noticed Natasha
   871 | D:3      | Killed Natasha
   871 | D:3      | Reached XP level 5. HP: 17/35 MP: 5/5
  1164 | D:3      | Noticed Natasha
  1179 | D:3      | Killed Natasha
  1179 | D:3      | Reached skill level 5 in Axes
  1179 | D:3      | HP: 1/35 [quokka (2)]
  1180 | D:3      | Slain by a quokka

Vault maps used:
D:1:      lightli_arrival_maybe_door_vault, kennysheep_another_room
D:2:      nemelex_altar_shiori
D:3:      first_bread, uniq_natasha
D:4:      kennysheep_slugbush, regret_index_temple_of_mockery,
          serial_bayou_pond_c

Skill      XL: |  1  2  3  4  5 |
---------------+----------------+-----
Axes           | 3 4 5 |  5.2
Fighting       | |  2.6
Armour         | |  3.2
Shields        | |  3.2

Action                   |  1- 3 |  4- 6 || total
-------------------------+-------+-------++-------
Melee: War axe           |    45 |    54 ||    99
  Use: Potion            |       |     1 ||     1
  Eat: Chunk             |       |     1 ||     1
Armor: Scale mail        |    22 |    19 ||    41
Dodge: Dodged            |    21 |    25 ||    46
Block: Shield            |    29 |    27 ||    56
